 Dungeon Crawl Stone Soup version 0.20.0-15-g7f486f2 (webtiles) character file.

7030 JeffiDaFish the Digger (level 10, -1/78 HPs)
             Began as a Pale Draconian Earth Elementalist on June 20, 2017.
             Was a Priest of Sif Muna.
             Slain by an unseen horror (3 damage)
             ... on level 9 of the Dungeon.
             The game lasted 00:57:08 (11444 turns).

JeffiDaFish the Digger (DrEE)                      Turns: 11444, Time: 00:57:09

Health: -1/78      AC: 10    Str:  9 (11) XL:     10   Next: 82%
Magic:  12/20      EV: 16    Int: 13 (16) God:    Sif Muna [***...]
Gold:   396        SH:  5    Dex: 13 (14) Spells: 12/23 levels left

rFire    . . .     SeeInvis .   r - +10 war axe of Tenacity {flame, Stlth+}
rCold    . . .     Gourm    .   l - +0 buckler
rNeg     . . .     Faith    .   (armour unavailable)
rPois    .         Spirit   .   (helmet restricted)
rElec    .         Reflect  .   w - +0 cloak
rCorr    .         Harm     .   g - +0 pair of gloves
MR       +....                  k - +0 pair of boots
Stlth    ++++......             (no amulet)
Regen    0.3/turn               (no ring)
MPRegen  0.2/turn               (no ring)

@: no status effects
A: breathe steam, unfitting armour, magic resistance 1, wild magic 1, evolution
1, cold-blooded, AC +7
a: Breathe Steam, Divine Energy, Channel Magic, Renounce Religion


You were on level 9 of the Dungeon.
You worshipped Sif Muna.
Sif Muna was most pleased with you.
You were not hungry.

You visited 2 branches of the dungeon, and saw 10 of its levels.
You also visited: Sewer.

You collected 481 gold pieces.
You spent 85 gold pieces at shops.

Inventory:

Hand Weapons
 i - a +4 dagger
 r - the +10 war axe of Tenacity (weapon) {flame, Stlth+}
   (You found it on level 4 of the Dungeon)

   It has been specially enchanted to burn those struck by it, causing extra
   injury to most foes and up to half again as much damage against particularly
   susceptible opponents.
   Big, fiery blades are also staple armaments of hydra-hunters.
   It makes you more stealthy.
Missiles
 b - 199 stones (quivered)
Armour
 g - a +0 pair of gloves (worn)
 k - a +0 pair of boots (worn)
 l - a +0 buckler (worn)
 w - a +0 cloak (worn)
Wands
 f - a wand of lightning (15/15)
Scrolls
 e - 7 scrolls of identify
 j - 6 scrolls of teleportation
 n - 4 scrolls of blinking
 o - a scroll of amnesia
 q - 3 scrolls of remove curse
 s - a scroll of enchant weapon
Potions
 x - a potion of cancellation
Books
 d - a book of Geomancy

   Spells                             Type                      Level
   a - Sandblast                      Earth                        1
   b - Passwall                       Transmutation/Earth          2
   c - Stone Arrow                    Conjuration/Earth            3
   d - Petrify                        Transmutation/Earth          4
   e - Lee's Rapid Deconstruction     Earth                        5
Comestibles
 a - 9 royal jellies
 c - 7 bread rations
 h - 17 fruits
 p - 6 meat rations


   Skills:
 + Level 3.7 Fighting
 - Level 3.0 Short Blades
 + Level 3.7 Axes
 * Level 6.8 Dodging
 + Level 5.6 Stealth
 + Level 4.7 Shields
 * Level 7.0 Spellcasting
 + Level 4.6 Conjurations
 + Level 3.9 Transmutations
 + Level 7.1 Earth Magic


You had 12 spell levels left.
You knew the following spells:

 Your Spells              Type           Power        Failure   Level  Hunger
a - Sandblast             Erth           ####..       1%          1    None
b - Passwall              Tmut/Erth      ###.......   4%          2    #......
c - Stone Arrow           Conj/Erth      ####..       7%          3    ##.....
d - Lee's Rapid Deconstr  Erth           ####......   30%         5    ######.


Dungeon Overview and Level Annotations

Branches:
Dungeon (9/15)             Temple (0/1) D:5            Lair (1/6) D:8
    Orc: D:9-12

Altars:
Ashenzari
Cheibriados
Dithmenos
Elyvilon
Kikubaaqudgha
Makhleb
Okawaru
Qazlal
Sif Muna
Trog
Uskayaw
Xom

Shops:
D:9 !


Innate Abilities, Weirdness & Mutations

You can breathe blasts of scalding, opaque steam.
Your pale cyan-grey scales are hard. (AC +7)
You cannot fit into any form of body armour.
You are cold-blooded and may be slowed by cold attacks.
You are resistant to hostile enchantments. (MR+)
Your spells are a little harder to cast, but a little more powerful.
You evolve.


Message History

You hit something. You burn something. Something hits you!
* * * LOW HITPOINT WARNING * * *
You closely miss something. Something hits you.
* * * LOW HITPOINT WARNING * * *
You closely miss something. Something barely misses you.
Something hits you but does no damage. Something closely misses you.
You see here 3 arrows.
Okay, then.
Okay, then.
You slash something! You burn something. Something hits you but does no damage.
Something hits you.
* * * LOW HITPOINT WARNING * * *
Things that are here:
an uncursed shortbow; 19 arrows You miss something.
You tail-slap something. Something barely misses you.
Something barely misses you.
You see here 3 arrows.
Something hits you but does no damage. Something hits you.
You die...

,,,,,,,,,*,,**.....***,,***,,***,
,,,,,,,,,,,*###...###**,,*,,***,,
,,,,,,,,,,#*#.##.##.#####+##**,,*
,,,,,,,,,,#.##.#.#.##.##(#.##,,*,
,,******,,#..##...##..#†#=#.#,*,,
,,,,,***,,+.....⌠.....)#[#}#+*,,*
,,,,,+,*,,#..##...##..#.#}#.#,*,,
*,,,,*,*,,#.##.#)#.##.##(#.##,,*,
,,,,,,,*,,#*#.##@##}#####c###*,,*
*,,,,,,*,,,*###...#####.....##*,,
**,,,*,*,*,,*#.....###.......##*,
**,,,*,*,**,,###'####.........##*
,,,,,*,*,***,#.....#..#........#,
**,,,*,*,,,,,#.....#.###..####.#,
,,,,,*,*,**,,#..#..'...........+,
******,*,***,#.....#..###...##.#,
,,,,,,,*,* *,#)....#..#....##..#,


There were no monsters in sight!

Vanquished Creatures
  A two-headed ogre (D:8)
  A queen bee (D:8)
  Grinder (D:3)
  Eustachio (D:4)
  Sigmund (D:2)
  Grum (D:8)
  A yak (D:9)
  2 hungry ghosts (D:9)
  The ghost of AverageBear the Ducker, an amateur DEFi (D:4)
  Menkaure (D:4)
  Duvessa (D:5)
  4 ice beasts
  Purgy (Sewer)
  A hornet zombie (D:7)
  3 orc warriors
  3 sky beasts
  A phantom (D:5)
  2 wolves (D:8)
  3 ogres
  6 centaurs
  A big kobold (D:9)
  2 bullfrogs
  Dowan (D:5)
  14 killer bees (D:8)
  3 wights (D:7)
  3 howler monkeys
  2 crimson imps
  6 hounds
  3 jellies (D:9)
  6 orc wizards
  2 orc priests (D:7)
  Crazy Yiuf (D:7)
  A gnoll shaman (D:5)
  5 iguanas
  Ijyb (D:3)
  2 centaur skeletons
  Natasha (thrice) (D:2)
  8 worker ants
  A killer bee zombie (D:8)
  A hound skeleton (D:8)
  A worker ant zombie (D:7)
  Robin (D:2)
  A gnoll (D:5)
  A howler monkey skeleton (D:6)
  8 adders
  4 shadow imps
  3 oozes
  An adder skeleton (D:4)
  3 worms
  3 dart slugs
  5 leopard geckos
  30 orcs
  6 bats
  7 giant cockroaches
  17 goblins
  8 hobgoblins
  9 jackals
  3 quokkas
  A ball python (D:5)
  5 frilled lizards
  17 kobolds
  A leopard gecko zombie (D:5)
  A quokka zombie (D:7)
  3 rats
241 creatures vanquished.

Notes
Turn   | Place    | Note
-------+----------+-------------------------------------------
     0 | D:1      | JeffiDaFish the Draconian Earth Elementalist began the quest for the Orb.
     0 | D:1      | Reached XP level 1. HP: 14/14 MP: 3/3
   246 | D:1      | Reached XP level 2. HP: 20/20 MP: 1/5
   326 | D:1      | Learned a level 2 spell: Passwall
   712 | D:1      | Gained mutation: You tend to lose your temper in combat. [potion of mutation]
   712 | D:1      | Gained mutation: Your spells are a little harder to cast, but a little more powerful. [potion of mutation]
   712 | D:1      | Gained mutation: You evolve. [potion of mutation]
  1097 | D:2      | Reached XP level 3. HP: 22/26 MP: 2/6
  1172 | D:2      | Noticed Robin
  1197 | D:2      | Learned a level 3 spell: Stone Arrow
  1441 | D:2      | Killed Robin
  1441 | D:2      | Reached XP level 4. HP: 33/33 MP: 5/8
  1500 | D:2      | Noticed Sigmund
  1507 | D:2      | Noticed Natasha
  1514 | D:2      | Killed Sigmund
  1514 | D:2      | Reached skill level 1 in Short Blades
  1514 | D:2      | Reached XP level 5. HP: 28/38 MP: 2/10
  1518 | D:2      | Killed Natasha
  1707 | D:2      | Noticed Natasha
  1715 | D:2      | Killed Natasha
  1715 | D:2      | Reached XP level 6. HP: 24/45 MP: 11/11
  1749 | D:2      | Lost mutation: You tend to lose your temper in combat. [evolution]
  1951 | D:2      | Found a deep blue altar of Sif Muna.
  1953 | D:2      | Found a stormy altar of Qazlal.
  1956 | D:2      | Found a snail-covered altar of Cheibriados.
  1957 | D:2      | Found a shattered altar of Ashenzari.
  1960 | D:2      | Became a worshipper of Sif Muna the Loreminder
  1965 | D:2      | Found a shimmering altar of Xom.
  2088 | D:2      | Noticed Natasha
  2093 | D:2      | Killed Natasha
  2426 | D:3      | Learned a level 5 spell: Lee's Rapid Deconstruction
  2453 | D:3      | Found a bloodstained altar of Trog.
  2453 | D:3      | Found an ancient bone altar of Kikubaaqudgha.
  2723 | D:3      | Noticed Grinder
  2727 | D:3      | Paralysed by Grinder for 6 turns
  2744 | D:3      | Killed Grinder
  2744 | D:3      | Reached skill level 1 in Conjurations
  2744 | D:3      | Your scales start taking on a pale cyan-grey colour.
  2744 | D:3      | Reached XP level 7. HP: 5/51 MP: 2/13
  3279 | D:3      | Reached skill level 1 in Shields
  3357 | D:3      | Found a burning altar of Makhleb.
  3714 | D:3      | Noticed Ijyb
  3721 | D:3      | Killed Ijyb
  4069 | D:4      | Noticed Menkaure
  4356 | D:4      | Killed Menkaure
  4356 | D:4      | Reached skill level 5 in Earth Magic
  4413 | D:4      | Noticed Eustachio
  4432 | D:4      | Reached skill level 1 in Fighting
  4462 | D:4      | Noticed AverageBear's ghost (amateur DEFi)
  4473 | D:4      | Killed AverageBear's ghost
  4473 | D:4      | Reached * piety under Sif Muna
  4645 | D:4      | Reached XP level 8. HP: 40/59 MP: 7/14
  4823 | D:4      | Killed Eustachio
  5107 | D:4      | Identified the +10 war axe of Tenacity {flame, Stlth+} (You found it on level 4 of the Dungeon)
  5226 | D:5      | Entered Level 5 of the Dungeon
  5658 | D:5      | Reached skill level 5 in Spellcasting
  5978 | D:5      | Found a staircase to the Ecumenical Temple.
  5994 | D:5      | Noticed Duvessa
  5996 | D:5      | Noticed Dowan
  6002 | D:5      | Killed Dowan
  6007 | D:5      | Killed Duvessa
  6007 | D:5      | Reached skill level 1 in Axes
  6492 | D:5      | Reached XP level 9. HP: 38/67 MP: 15/17
  6948 | D:6      | Found a white marble altar of Elyvilon.
  7291 | D:6      | Found a glowing drain.
  7303 | Sewer    | Entered a sewer
  7312 | Sewer    | Noticed Wiilli's ghost (amateur OpCj)
  7358 | Sewer    | Noticed Purgy
  7363 | Sewer    | Killed Purgy
  7477 | D:6      | Identified a scroll of acquirement
  7478 | D:6      | Got a scintillating amethyst amulet
  7479 | D:6      | Identified the amulet of Ririogenn {Harm *Drain Str+5} (You acquired it on level 6 of the Dungeon)
  7499 | D:6      | Reached skill level 5 in Dodging
  7906 | D:6      | Reached ** piety under Sif Muna
  8032 | D:7      | Found a runed door.
  8036 | D:7      | Noticed Crazy Yiuf
  8038 | D:7      | Killed Crazy Yiuf
  8150 | D:7      | Found a hide-covered altar of Uskayaw.
  8517 | D:7      | Found an iron altar of Okawaru.
  8836 | D:8      | Found a shadowy altar of Dithmenos.
  9256 | D:8      | Found a staircase to the Lair.
  9272 | D:8      | Noticed Grum
  9284 | D:8      | Reached skill level 5 in Stealth
  9288 | D:8      | Killed Grum
  9288 | D:8      | Reached XP level 10. HP: 60/74 MP: 3/19
  9366 | D:8      | Gained mutation: You are resistant to hostile enchantments. (MR+) [evolution]
  9579 | D:8      | Reached *** piety under Sif Muna
  9730 | D:8      | Noticed a two-headed ogre
  9740 | D:8      | Killed a two-headed ogre
 10742 | Lair:1   | Entered Level 1 of the Lair of Beasts
 10742 | Lair:1   | Noticed an eight-headed hydra
 10956 | D:9      | Found Lojishrun's Distillery.
 10974 | D:9      | Bought a potion of heal wounds for 85 gold pieces
 11436 | D:9      | HP: 1/78 [something (4)]
 11444 | D:9      | Slain by an unseen horror

Skill      XL: |  1  2  3  4  5  6  7  8  9 10 |
---------------+-------------------------------+-----
Stealth        | 2 3 4 5 |  5.6
Dodging        | 2 3 4 5 6 |  6.8
Short Blades   | 1 2 3 |  3.0
Spellcasting   | 3 4 5 6 7 |  7.0
Earth Magic    | 4 5 6 7 |  7.1
Conjurations   | 1 2 3 4 |  4.6
Shields        | 1 2 4 |  4.7
Fighting       | 1 2 3 |  3.7
Transmutations | 2 3 |  3.9
Axes           | 1 2 3 |  3.7

Action                   |  1- 3 |  4- 6 |  7- 9 | 10-12 || total
-------------------------+-------+-------+-------+-------++-------
Melee: Unarmed           |     4 |       |       |       ||     4
       Tailslap          |     4 |     4 |    11 |    10 ||    29
       Dagger            |    37 |    43 |    55 |       ||   135
       War axe           |       |       |   165 |    77 ||   242
 Cast: Sandblast         |    33 |    20 |    38 |    31 ||   122
       Passwall          |     2 |       |       |       ||     2
       Stone Arrow       |     4 |     9 |    57 |    12 ||    82
       Lee's Rapid Decon |       |     1 |     3 |     5 ||     9
 Abil: Breathe Steam     |       |       |    11 |     1 ||    12
  Use: Potion            |     7 |     2 |     1 |     5 ||    15
       Scroll            |     3 |     2 |     9 |     2 ||    16
 Stab: Sleeping          |     2 |     1 |    17 |     3 ||    23
  Eat: Chunk             |     3 |     5 |    28 |     8 ||    44
       Royal jelly       |       |       |       |     2 ||     2
Armor: Skin              |    11 |     7 |    66 |    41 ||   125
Dodge: Dodged            |    28 |    18 |   146 |    88 ||   280
Block: Buckler           |       |       |    54 |    26 ||    80
